 Dungeon Crawl Stone Soup version 0.30-a0-134-gb40fab5c76 (webtiles) character file.

Game seed: 16271361837508069157

156 Hubris850 the Covered (level 5, -4/46 HPs)
             Began as a Hill Orc Fighter on Sept 19, 2022.
             Killed from afar by Ijyb (6 damage)
             ... with a puff of flame
             ... on level 3 of the Dungeon.
             The game lasted 00:04:06 (2316 turns).

Hubris850 the Covered (Hill Orc Fighter)            Turns: 2316, Time: 00:04:07

Health: -4/46      AC:  9    Str: 21    XL:     5   Next: 37%
Magic:  5/5        EV:  7    Int:  8    God:
Gold:   106        SH:  4    Dex: 10    Spells: 4/4 levels left

rFire   . . .      SeeInvis .    a - +0 war axe
rCold   . . .      Faith    .    c - +0 buckler
rNeg    . . .      Spirit   .    g - +0 chain mail
rPois   .          Reflect  .    (no helmet)
rElec   .          Harm     .    (no cloak)
rCorr   .          Rampage  .    (no gloves)
Will    .....                    (no boots)
Stlth   ..........               (no amulet)
HPRegen 0.15/turn                (no ring)
MPRegen 0.09/turn                (no ring)

@: no status effects
A: no striking features
a: no special abilities


You were on level 3 of the Dungeon.
You visited 1 branch of the dungeon, and saw 3 of its levels.

You collected 106 gold pieces.

Inventory:

Hand Weapons
 a - a +0 war axe (weapon)
 i - a +0 sling
Missiles
 l - an atropa-tipped dart (quivered)
Armour
 b - a +0 scale mail
 c - a +0 buckler (worn)
 g - a +0 chain mail (worn)
Wands
 o - a wand of digging (7)
 q - a wand of iceblast (12)
Scrolls
 d - a scroll of brand weapon {unknown}
 e - 3 scrolls of immolation {unknown}
 f - 3 scrolls of teleportation {unknown}
 h - a scroll of acquirement {unknown}
 n - 2 scrolls of fog {unknown}
 r - a scroll of enchant weapon {unknown}
 t - a scroll of blinking {unknown}
 u - a scroll of identify {unknown}
Potions
 j - 2 potions of heal wounds {unknown}
 k - a potion of berserk rage {unknown}
 m - a potion of haste {unknown}
 p - a potion of degeneration {unknown}
 s - a potion of brilliance {unknown}


   Skills:
 - Level 4.0 Fighting
 + Level 4.5 Axes
 + Level 4.5 Armour
 + Level 4.4 Shields


You had 4 spell levels left.
You didn't know any spells.
Your spell library was empty.

Dungeon Overview and Level Annotations

Branches:
Dungeon (3/15)

Altars:

Portals:
Abyss: D:1***

Annotations:
D:3 1 runed translucent door, Ijyb


Message History

Ijyb hits you with a +0 club. Ijyb barely misses you.
You barely miss Ijyb.
Ijyb is heavily wounded.
Ijyb hits you but does no damage.
You barely miss Ijyb.
Ijyb is heavily wounded.
Ijyb screams, "Get away!"
Ijyb zaps a wand.
The puff of flame hits you!
You closely miss Ijyb.
Ijyb is heavily wounded.
Ijyb hits you with a +0 club. x2
You barely miss Ijyb.
Ijyb is heavily wounded.
Ijyb zaps a wand.
The puff of flame hits you but does no damage.
You hit Ijyb.
Ijyb is heavily wounded.
Ijyb zaps a wand.
The puff of flame misses you.
You barely miss Ijyb.
Ijyb is heavily wounded.
Ijyb hits you but does no damage. Ijyb hits you with a +0 club.
* * * LOW HITPOINT WARNING * * *
You closely miss Ijyb.
Ijyb is heavily wounded.
Ijyb hits you with a +0 club.
* * * LOW HITPOINT WARNING * * *
You barely miss Ijyb.
Ijyb is heavily wounded.
Ijyb hits you with a +0 club.
* * * LOW HITPOINT WARNING * * *
You hit Ijyb but do no damage.
Ijyb is heavily wounded.
Ijyb hits you with a +0 club.
* * * LOW HITPOINT WARNING * * *
Ijyb hits you with a +0 club.
* * * LOW HITPOINT WARNING * * *
You hit Ijyb.
Ijyb is severely wounded.
Ijyb zaps a wand.
The puff of flame hits you.
You die...

# ###### .##
......####. .(.
#........ ..# #
#.......#.# #.# #
###.......#.# #.# #
..........#.# #.# #
###.......#.# #g# #
..........#.####@#
#.........#.##.#.#
#...##.####.#.#..#..
...)................#
..†.........##.####.#
.......#######.# #
....#### #.#
#.....### #.#
........# #.#


You could see Ijyb.

Vanquished Creatures
  8 gnolls
  An adder (D:2)
  A worm (D:3)
  2 dart slugs (D:1)
  An orc (D:3)
  3 ball pythons
  6 bats
  3 endoplasms
  2 giant cockroaches
  7 goblins
  5 hobgoblins (D:1)
  4 jackals (D:1)
  3 quokkas
  4 frilled lizards
  6 kobolds
  8 rats
64 creatures vanquished.

Notes
Turn   | Place    | Note
-------+----------+-------------------------------------------
     0 | D:1      | Hubris850 the Hill Orc Fighter began the quest for the Orb.
     0 | D:1      | Reached XP level 1. HP: 19/19 MP: 1/1
    53 | D:1      | Reached XP level 2. HP: 22/27 MP: 2/2
   453 | D:1      | Reached XP level 3. HP: 31/33 MP: 3/3
  1188 | D:2      | Reached XP level 4. HP: 38/40 MP: 4/4
  1223 | D:2      | Found a faded altar of an unknown god.
  1680 | D:3      | Found a runed translucent door.
  1793 | D:3      | Reached XP level 5. HP: 27/46 MP: 5/5
  2294 | D:3      | Noticed Ijyb
  2315 | D:3      | HP: 2/46 [Ijyb/+0 club (2)]
  2316 | D:3      | Killed from afar by Ijyb

Illustrated notes

Levels and vault maps discovered:
D:1:      minmay_arrival_glassed_features, layout_loops_cross,
          corexii_hall_statues_x
D:2:      layout_basic, hellmonk_ecumenical_altar_lost_god
D:3:      layout_loops_ring, ebering_ghost_reflecting_pool, grunt_ministairs_5,
          uniq_ijyb

Skill      XL: |  1  2  3  4 |
---------------+-------------+-----
Axes           | 3 4 |  4.5
Fighting       | 4 |  4.0
Armour         | 4 |  4.5
Shields        | 4 |  4.4

Action                   |  1- 3 |  4- 6 || total
-------------------------+-------+-------++-------
Melee: War axe           |   100 |    98 ||   198
Throw: Dart              |       |     3 ||     3
  Use: Potion            |       |     1 ||     1
Armor: Scale mail        |    44 |       ||    44
       Chain mail        |    12 |    45 ||    57
Dodge: Dodged            |    55 |    33 ||    88
Block: Buckler           |    14 |    22 ||    36

Table legend: (Time is in decaauts)
 A = Elapsed time spent in this place.
 B = Non-inter-level travel time spent in this place.
 C = Inter-level travel time spent in this place.
 D = Time resting spent in this place.
 E = Time spent auto-exploring this place.
 F = Levels seen in this place.
 G = Mean time per level.
                   A        B        C        D        E       F      G
               +--------+--------+--------+--------+--------+-----+--------+
         Total |   2387 |   2310 |     77 |    278 |   1579 |   3 |  795.7 |
       Dungeon |   2387 |   2310 |     77 |    278 |   1579 |   3 |  795.7 |
               +--------+--------+--------+--------+--------+-----+--------+

Top non-repeatable levels by time:
     D:1: 913 daAuts
     D:2: 737 daAuts
     D:3: 736 daAuts
